 Dungeon Crawl Stone Soup version 0.31-a0-216-g22e908daa7 (webtiles) character file.

Game seed: 5954604701790620441

40 qw the Chopper (level 3, 0/23 HPs)
             Began as a Gargoyle Fighter on July 2, 2023.
             Slain by a gnoll
             ... wielding a +0 flail
              (10 damage)
             ... on level 2 of the Dungeon.
             The game lasted 00:00:27 (1061 turns).

qw the Chopper (Gargoyle Fighter)                   Turns: 1061, Time: 00:00:28

Health: 0/23       AC: 10    Str: 21    XL:     3   Next: 50%
Magic:  3/3        EV:  9    Int:  8    God:
Gold:   38         SH:  4    Dex:  9    Spells: 2/2 levels left

rFire   . . .        Y - +0 war axe
rCold   . . .        c - +0 buckler
rNeg    + . .        b - +0 scale mail
rPois   inf          (no helmet)
rElec   +            (no cloak)
rCorr   .            (no gloves)
SInv    .            (no boots)
Will    .....        (no amulet) Stlth
                     (no ring)
HPRegen 0.23/turn    (no ring)
MPRegen 0.08/turn

%: no passive effects
@: no status effects
A: sickness immunity, AC +3, negative energy resistance 1, electricity
resistance, torment resistance 1, petrification resistance
a: no special abilities


You were on level 2 of the Dungeon.
You visited 1 branch of the dungeon, and saw 2 of its levels.

You collected 38 gold pieces.


Innate Abilities, Weirdness & Mutations

You are immune to sickness and miasma.
Your stone body is resilient. (AC +3)
You are immune to poison.
You resist negative energy. (rN+)
You are resistant to electric shocks. (rElec)
You are resistant to unholy torment.
You are immune to petrification.


   Skills:
 - Level 3.2 Fighting
 + Level 3.4 Axes
 - Level 3.2 Armour
 - Level 3.2 Shields


You had 2 spell levels left.
You didn't know any spells.
Your spell library was empty.

Inventory:

Hand Weapons
 j - a +0 mace
 Y - a +0 war axe (weapon)
Armour
 b - a +0 scale mail (worn)
 c - a +0 buckler (worn)
 k - a +0 cloak
Scrolls
 a - 2 scrolls of identify
 m - a scroll of enchant armour {unknown}
Potions
 d - 2 potions of might
 e - a potion of mutation
 f - a potion of heal wounds
 g - a potion of invisibility {unknown}
 h - a potion of curing {unknown}
 i - a potion of haste {unknown}
 l - a potion of magic

Dungeon Overview and Level Annotations

Branches:
Dungeon (2/15)

Altars:

Shops:
D:1 ?


Message History

1047 ||| Stepping ~*~*~tactically~*~*~ (hiding).
Enter note:
Enter note:
Enter note: You start waiting.
A gnoll is nearby!
1049 ||| Stepping ~*~*~tactically~*~*~ (hiding).
You start waiting.
A gnoll is nearby!
A gnoll comes into view. It is wielding a +0 flail.
The gnoll hits you but does no damage.
Enter note:
Enter note:
Enter note: You barely miss the gnoll.
The gnoll shouts!
You block the gnoll's attack.
You closely miss the gnoll. The gnoll closely misses you.
The gnoll barely misses you.
The gnoll hits you from afar with a +0 spear.
The gnoll hits you but does no damage.
You slash the gnoll!
You kill the gnoll!
The gnoll barely misses you.
Enter note:
Enter note:
Enter note: You closely miss the gnoll.
You block the gnoll's attack.
You barely miss the gnoll. You hit the gnoll.
The gnoll closely misses you. x3; The gnoll hits you with a +0 spear!
You hit the gnoll but do no damage.
The gnoll is moderately wounded.
You hit the gnoll but do no damage.
The gnoll hits you but does no damage. x2
You hit the gnoll.
The gnoll is heavily wounded.
You barely miss the gnoll. The gnoll hits you with a +0 flail!
You die...

#....#. #... ######. #...
#... #..... .. #.#. ....
... ...#.#. ... ...
...#.## # #.. ..# .......
#.###g###.# #+##.).
#....g@)#.#######.##...
#####?#.#.#.#.....#....#.
........#.#.#.###.##..#..
#...........#.# #.##..#+#
#.......#.....# #........
#.......+.##### ###......
#.......#.. .. #......
........#### .... #.#....
........# <.#..#.#....


You could see 2 gnolls.

Vanquished Creatures
  An adder (D:2)
  A gnoll (D:2)
  2 ball pythons
  7 endoplasms
  2 goblins
  A hobgoblin (D:1)
  A quokka (D:1)
  A bat (D:1)
  A frilled lizard (D:1)
  4 kobolds (D:1)
21 creatures vanquished.

Notes
Turn   | Place    | Note
-------+----------+-------------------------------------------
     0 | D:1      | qw the Gargoyle Fighter began the quest for the Orb.
     0 | D:1      | Reached XP level 1. HP: 14/14 MP: 1/1
     0 | D:1      | 0 ||| qw: Version: 0.3-a-35-g05ef00e
     0 | D:1      | 0 ||| qw: Game counter: 7795
     0 | D:1      | 0 ||| qw: Melee chars always use a shield: true
     0 | D:1      | 0 ||| qw: God list: Okawaru
     0 | D:1      | 0 ||| qw: Allow faded altars: false
     0 | D:1      | 0 ||| qw: Do Orc after clearing Dungeon:15 true
     0 | D:1      | 0 ||| qw: Do second Lair branch before Depths: true
     0 | D:1      | 0 ||| qw: Lair rune preference: random
     0 | D:1      | 0 ||| qw: Goals: Normal, Zot:1-4, Slime:5, God:TSO, Crypt,
                  | Tomb, Abyss, Pan, Hells, Win
     0 | D:1      | 0 ||| PLANNING D:1-11
    97 | D:1      | 97 ||| Stepping ~*~*~tactically~*~*~ (hiding).
   267 | D:1      | Found Giocel's Magic Scroll Emporium.
   269 | D:1      | 269 ||| Stepping ~*~*~tactically~*~*~ (hiding).
   275 | D:1      | Reached XP level 2. HP: 19/19 MP: 2/2
   403 | D:1      | 403 ||| SHOPLISTING scroll of identify (28 gold, have 24).
   424 | D:1      | Found a faded altar of an unknown god.
   540 | D:1      | 540 ||| Stepping ~*~*~tactically~*~*~ (stealth).
   836 | D:1      | 836 ||| DROPPING ring of flight.
   837 | D:1      | 837 ||| READING 4 scrolls labelled RAUS CAGAQESS.
   838 | D:1      | 838 ||| READING scroll labelled TASEEWKIGH.
   839 | D:1      | 839 ||| DRINKING 2 cyan potions.
   840 | D:1      | 840 ||| READING 3 scrolls of identify.
   840 | D:1      | 840 ||| IDENTIFYING viscous purple potion
   841 | D:1      | 841 ||| READING 2 scrolls of identify.
   841 | D:1      | 841 ||| IDENTIFYING fizzy yellow potion
   942 | D:2      | Reached skill level 3 in Axes
   942 | D:2      | Reached XP level 3. HP: 22/23 MP: 3/3
  1046 | D:2      | 1046 ||| Stepping ~*~*~tactically~*~*~ (hiding).
  1047 | D:2      | 1047 ||| Stepping ~*~*~tactically~*~*~ (hiding).
  1049 | D:2      | 1049 ||| Stepping ~*~*~tactically~*~*~ (hiding).
  1061 | D:2      | Slain by a gnoll

Levels and vault maps discovered:
D:1:      heliophobic_arrival_dark_side_of_the_moon, layout_rooms,
          ebering_ecumenical_altar_petrified, serial_shops, shop, minivault_4
D:2:      layout_basic

Skill      XL: |  1  2 |
---------------+-------+-----
Axes           | 2 3 |  3.4
Fighting       | |  3.2
Armour         | |  3.2
Shields        | |  3.2

Action                     || total
---------------------------++-------
  Melee: War axe           ||    56
    Use: Scroll            ||     4
         Potion            ||     1
 Armour: Scale mail        ||    29
  Dodge: Dodged            ||    36
  Block: Buckler           ||     9

Table legend:
 A = Non-vault XP
 B = Vault XP
 C = Vault XP percentage of total XP
 D = Non-vault monster count
 E = Vault monster count
 F = Vault count percentage of total count
                 A         B        C        D         E       F
            +---------+---------+-------+---------+---------+-------
      Total |      58 |       0 |   0.0 |      21 |       0 |   0.0
            +---------+---------+-------+---------+---------+-------
        D:1 |      27 |       0 |   0.0 |      16 |       0 |   0.0
        D:2 |      31 |       0 |   0.0 |       5 |       0 |   0.0
            +---------+---------+-------+---------+---------+-------
